General information
- name: BNet
- type: Ladder team game (AT/RT)
- host: Battle.net
- saver: WhoMovedMyTower
map: Battleground
- players: 8
- length: 89:44
- speed: Fast
- version: 1.21 W3XP
- replay type: Public
» download(599 KB)
Players
team 1 (loser)

»
Arthur-boka (
red | 31 APM | 2674 actions | 87:24)
8 Death Knight
3 Death Coil
3 Unholy Aura
1 Animate Dead
1 Death Pact
» actions
| Assign group hotkey | 20 | |
| Basic commands | 46 | |
| Build / train | 54 | |
| Enter build submenu | 17 | |
| Enter hero's abilities submenu | 8 | |
| Give item / drop item | 4 | |
| Right click | 1710 | |
| Select / deselect | 527 | |
| Select group hotkey | 142 | |
| Use ability | 146 | |
2674 total
» units
| Acolyte | 3 | |
| Ghoul | 9 | |
| Frost Wyrm | 10 | |
| Meatwagon | 4 | |
26 total
» upgrades
| Creature Attack | 3 | |
| Creature Carapace | 1 | |
| Freezing Breath | 1 | |
| Unholy Strength | 2 | |
7 total
» buildings
| Altar of Darkness | 1 | |
| Ziggurat | 10 | |
| Crypt | 1 | |
| Nerubian Tower | 1 | |
| Graveyard | 1 | |
| Spirit Tower | 3 | |
| Halls of the Dead | 1 | |
| Black Citadel | 1 | |
| Sacrificial Pit | 1 | |
| Boneyard | 2 | |
| Slaughterhouse | 2 | |
| Tomb of Relics | 1 | |
25 total
» build order
00:07 Altar of Darkness
00:14 Ziggurat
00:19 Ziggurat
01:05 Crypt
01:21 Nerubian Tower
02:12 Graveyard
02:27 Ziggurat
04:18 Spirit Tower
04:19 Spirit Tower
04:25 Ziggurat
04:36 Ziggurat
04:56 Halls of the Dead
06:21 Spirit Tower
06:26 Ziggurat
06:27 Ziggurat
06:34 Ziggurat
06:36 Ziggurat
07:18 Black Citadel
07:57 Sacrificial Pit
08:00 Ziggurat
09:46 Boneyard
10:05 Boneyard
21:04 Slaughterhouse
21:16 Slaughterhouse
32:53 Tomb of Relics
» items
| Orb of Corruption | 1 | |
| Orb of Venom | 1 | |
| Staff of Teleportation | 1 | |
| Potion of Healing | 1 | |
| Dust of Appearance | 2 | |
6 total

»
Bernard-Mendy (
teal | 35 APM | 3152 actions | 89:43)
3 Keeper of the Grove
2 Entangling Roots
1 Thorns Aura
5 Priestess of the Moon
2 Trueshot Aura
1 Searing Arrows
2 Scout
» actions
| Assign group hotkey | 68 | |
| Basic commands | 148 | |
| Build / train | 74 | |
| ESC pressed | 1 | |
| Enter build submenu | 19 | |
| Enter hero's abilities submenu | 8 | |
| Give item / drop item | 2 | |
| Remove unit from queue | 6 | |
| Right click | 1659 | |
| Select / deselect | 638 | |
| Select group hotkey | 364 | |
| Use ability | 165 | |
3152 total
» units
| Wisp | 20 | |
| Chimaera | 9 | |
| Hippogryph | 8 | |
37 total
» upgrades
| Strength of the Wild | 3 | |
| Reinforced Hides | 3 | |
| Corrosive Breath | 1 | |
| Well Spring | 1 | |
| Ultravision | 1 | |
9 total
» buildings
| Altar of Elders | 1 | |
| Moon Well | 10 | |
| Hunter's Hall | 1 | |
| Ancient of Wonders | 1 | |
| Tree of Ages | 1 | |
| Ancient Protector | 3 | |
| Tree of Eternity | 1 | |
| Ancient of Wind | 1 | |
| Chimaera Roost | 9 | |
28 total
» build order
00:12 Altar of Elders
00:22 Moon Well
01:30 Hunter's Hall
01:45 Ancient of Wonders
01:54 Moon Well
03:28 Tree of Ages
03:32 Ancient Protector
03:34 Ancient Protector
03:37 Ancient Protector
05:14 Moon Well
05:23 Moon Well
06:25 Tree of Eternity
07:24 Ancient of Wind
08:46 Moon Well
08:54 Chimaera Roost
08:58 Chimaera Roost
09:01 Chimaera Roost
09:02 Chimaera Roost
09:09 Chimaera Roost
09:11 Chimaera Roost
09:25 Chimaera Roost
09:33 Chimaera Roost
09:43 Chimaera Roost
15:04 Moon Well
15:07 Moon Well
15:09 Moon Well
15:14 Moon Well
21:57 Moon Well
» items
| Dust of Appearance | 7 | |
| Lesser Clarity Potion | 1 | |
| Staff of Preservation | 1 | |
| Moonstone | 1 | |
10 total

»
Patrice-LOKO (
pink | 52 APM | 4691 actions | 89:43)
9 Warden
3 Shadow Strike
3 Fan of Knives
2 Blink
1 Spirit of Vengeance
» actions
| Assign group hotkey | 35 | |
| Basic commands | 188 | |
| Build / train | 139 | |
| Enter build submenu | 61 | |
| Enter hero's abilities submenu | 12 | |
| Give item / drop item | 6 | |
| Remove unit from queue | 11 | |
| Right click | 2203 | |
| Select / deselect | 1166 | |
| Select group hotkey | 488 | |
| Use ability | 380 | |
4691 total
» units
| Wisp | 60 | |
| Chimaera | 9 | |
| Druid of the Claw | 3 | |
| Mountain Giant | 3 | |
| Dryad | 7 | |
| Druid of the Talon | 2 | |
84 total
» upgrades
| Strength of the Wild | 2 | |
| Corrosive Breath | 1 | |
| Well Spring | 1 | |
| Ultravision | 1 | |
| Reinforced Hides | 3 | |
| Druid of the Claw Training | 2 | |
| Nature's Blessing | 1 | |
| Abolish Magic | 1 | |
| Hardened Skin | 1 | |
| Druid of the Talon Training | 1 | |
14 total
» buildings
| Altar of Elders | 1 | |
| Moon Well | 8 | |
| Hunter's Hall | 1 | |
| Ancient Protector | 39 | |
| Tree of Ages | 1 | |
| Ancient of Wonders | 1 | |
| Ancient of Wind | 1 | |
| Tree of Eternity | 1 | |
| Chimaera Roost | 3 | |
| Tree of Life | 2 | |
| Ancient of Lore | 2 | |
60 total
» build order
00:08 Altar of Elders
00:21 Moon Well
01:26 Moon Well
01:51 Hunter's Hall
02:07 Moon Well
02:32 Moon Well
03:08 Ancient Protector
03:11 Ancient Protector
03:42 Moon Well
04:40 Tree of Ages
06:14 Moon Well
06:21 Ancient of Wonders
07:03 Ancient of Wind
07:04 Tree of Eternity
09:30 Chimaera Roost
09:31 Chimaera Roost
09:51 Chimaera Roost
15:03 Tree of Life
15:51 Moon Well
16:24 Ancient of Lore
18:26 Ancient of Lore
20:27 Tree of Life
20:55 Ancient Protector
20:58 Ancient Protector
21:31 Ancient Protector
21:43 Ancient Protector
22:12 Moon Well
23:46 Ancient Protector
23:49 Ancient Protector
23:53 Ancient Protector
26:26 Ancient Protector
26:31 Ancient Protector
26:33 Ancient Protector
26:37 Ancient Protector
27:54 Ancient Protector
27:59 Ancient Protector
28:10 Ancient Protector
28:31 Ancient Protector
28:34 Ancient Protector
28:41 Ancient Protector
28:58 Ancient Protector
29:22 Ancient Protector
29:28 Ancient Protector
29:45 Ancient Protector
30:30 Ancient Protector
31:05 Ancient Protector
31:06 Ancient Protector
31:19 Ancient Protector
31:56 Ancient Protector
32:37 Ancient Protector
32:40 Ancient Protector
32:46 Ancient Protector
34:06 Ancient Protector
34:30 Ancient Protector
34:35 Ancient Protector
34:42 Ancient Protector
34:58 Ancient Protector
41:09 Ancient Protector
41:11 Ancient Protector
43:23 Ancient Protector
» items
| Potion of Healing | 3 | |
| Orb of Venom | 1 | |
| Staff of Teleportation | 2 | |
| Dust of Appearance | 7 | |
| Tome of Retraining | 1 | |
| Potion of Lesser Invulnerability | 5 | |
| Periapt of Vitality | 1 | |
20 total

»
thordrik (
yellow | 50 APM | 4362 actions | 87:06)
9 Dreadlord
3 Vampiric Aura
3 Carrion Swarm
2 Sleep
1 Inferno
1 Death Knight
1 Death Coil
» actions
| Assign group hotkey | 26 | |
| Basic commands | 5 | |
| Build / train | 120 | |
| Enter build submenu | 27 | |
| Enter hero's abilities submenu | 12 | |
| Give item / drop item | 3 | |
| Right click | 2523 | |
| Select / deselect | 724 | |
| Select group hotkey | 708 | |
| Use ability | 213 | |
4362 total
» units
| Acolyte | 11 | |
| Ghoul | 22 | |
| Obsidian Statue | 4 | |
| Meatwagon | 2 | |
| Necromancer | 5 | |
| Abomination | 5 | |
| Crypt Fiend | 11 | |
| Banshee | 2 | |
62 total
» upgrades
| Unholy Strength | 3 | |
| Disease Cloud | 1 | |
| Skeletal Mastery | 1 | |
| Web | 1 | |
| Skeletal Longevity | 1 | |
| Burrow | 1 | |
| Unholy Armor | 2 | |
| Ghoul Frenzy | 1 | |
| Destroyer Form | 1 | |
12 total
» buildings
| Altar of Darkness | 1 | |
| Ziggurat | 17 | |
| Crypt | 1 | |
| Graveyard | 1 | |
| Tomb of Relics | 1 | |
| Halls of the Dead | 1 | |
| Nerubian Tower | 3 | |
| Black Citadel | 1 | |
| Slaughterhouse | 2 | |
| Temple of the Damned | 1 | |
| Spirit Tower | 2 | |
31 total
» build order
00:13 Altar of Darkness
00:15 Ziggurat
00:38 Crypt
01:06 Ziggurat
01:31 Graveyard
01:37 Tomb of Relics
03:26 Halls of the Dead
04:17 Ziggurat
05:01 Nerubian Tower
06:36 Black Citadel
06:39 Slaughterhouse
06:42 Slaughterhouse
06:46 Temple of the Damned
07:23 Ziggurat
12:36 Ziggurat
12:39 Ziggurat
12:41 Ziggurat
15:50 Ziggurat
21:36 Ziggurat
21:40 Ziggurat
21:43 Ziggurat
21:45 Ziggurat
21:50 Ziggurat
22:39 Spirit Tower
23:05 Nerubian Tower
30:24 Ziggurat
30:26 Ziggurat
30:29 Ziggurat
31:23 Spirit Tower
41:11 Ziggurat
43:37 Nerubian Tower
» items
| Rod of Necromancy | 1 | |
| Dust of Appearance | 11 | |
| Scroll of Town Portal | 4 | |
| Orb of Corruption | 1 | |
| Tome of Retraining | 1 | |
| Staff of Teleportation | 1 | |
19 total
team 2 (winner)
DrGoodmanners (
blue | 66 APM | 4150 actions | 62:25)
7 Keeper of the Grove
3 Force of Nature
3 Thorns Aura
1 Tranquility
» actions
| Assign group hotkey | 346 | |
| Basic commands | 60 | |
| Build / train | 77 | |
| Enter build submenu | 21 | |
| Enter hero's abilities submenu | 8 | |
| Give item / drop item | 8 | |
| Remove unit from queue | 6 | |
| Right click | 2627 | |
| Select / deselect | 711 | |
| Select group hotkey | 10 | |
| Use ability | 273 | |
4150 total
» units
| Wisp | 16 | |
| Ogre Mauler | 1 | |
| Hippogryph | 7 | |
| Druid of the Talon | 8 | |
32 total
» upgrades
| Ultravision | 1 | |
| Nature's Blessing | 1 | |
| Well Spring | 1 | |
| Strength of the Wild | 3 | |
| Reinforced Hides | 3 | |
| Druid of the Talon Training | 2 | |
| Mark of the Talon | 1 | |
12 total
» buildings
| Altar of Elders | 1 | |
| Moon Well | 8 | |
| Tree of Ages | 1 | |
| Ancient of Wonders | 1 | |
| Hunter's Hall | 1 | |
| Tree of Eternity | 1 | |
| Ancient of Wind | 2 | |
15 total
» build order
00:46 Altar of Elders
00:55 Moon Well
03:15 Moon Well
03:15 Moon Well
04:46 Moon Well
08:08 Tree of Ages
08:35 Ancient of Wonders
08:38 Hunter's Hall
08:54 Moon Well
08:54 Moon Well
09:01 Moon Well
09:02 Moon Well
11:32 Tree of Eternity
14:46 Ancient of Wind
14:46 Ancient of Wind
» items
| Healing Salve | 1 | |
| Lesser Clarity Potion | 2 | |
| Staff of Teleportation | 1 | |
| Ivory Tower | 2 | |
6 total
nutsonyochin.de (
green | 59 APM | 5318 actions | 89:43)
8 Archmage
3 Blizzard
3 Brilliance Aura
1 Mass Teleport
1 Summon Water Elemental
6 Beastmaster
2 Summon Quilbeast
3 Summon Hawk
1 Stampede
1 Blademaster
1 Mirror Image
» actions
| Assign group hotkey | 22 | |
| Basic commands | 80 | |
| Build / train | 138 | |
| ESC pressed | 5 | |
| Enter build submenu | 126 | |
| Enter hero's abilities submenu | 15 | |
| Give item / drop item | 20 | |
| Right click | 2629 | |
| Select / deselect | 637 | |
| Select group hotkey | 1204 | |
| Use ability | 439 | |
5318 total
» units
| Peasant | 21 | |
| Sorceress | 2 | |
| Priest | 1 | |
| Dragonhawk Rider | 6 | |
30 total
» upgrades
| Masonry | 3 | |
| Sorceress Training | 2 | |
| Priest Training | 2 | |
| Magic Sentry | 1 | |
| Lumber Harvesting | 4 | |
| Animal War Training | 1 | |
| Armor | 3 | |
| Swords | 3 | |
| Cloud | 1 | |
20 total
» buildings
| Altar of Kings | 2 | |
| Farm | 20 | |
| Lumber Mill | 6 | |
| Scout Tower | 107 | |
| Arcane Tower | 4 | |
| Guard Tower | 54 | |
| Arcane Vault | 5 | |
| Keep | 1 | |
| Arcane Sanctum | 2 | |
| Castle | 1 | |
| Blacksmith | 1 | |
| Barracks | 1 | |
| Gryphon Aviary | 2 | |
206 total
» build order
00:15 Altar of Kings
00:23 Farm
00:26 Lumber Mill
00:57 Scout Tower
01:27 Arcane Tower
01:28 Scout Tower
01:37 Farm
01:57 Guard Tower
01:59 Scout Tower
02:13 Scout Tower
02:25 Scout Tower
02:27 Scout Tower
02:29 Guard Tower
03:01 Guard Tower
03:03 Scout Tower
03:04 Scout Tower
03:07 Arcane Tower
03:10 Scout Tower
03:11 Scout Tower
03:19 Scout Tower
03:22 Scout Tower
03:22 Scout Tower
03:31 Scout Tower
03:40 Guard Tower
03:46 Scout Tower
03:47 Scout Tower
03:51 Guard Tower
03:57 Arcane Vault
03:58 Arcane Vault
04:04 Lumber Mill
04:17 Guard Tower
04:27 Guard Tower
04:28 Scout Tower
04:43 Guard Tower
04:46 Scout Tower
04:52 Scout Tower
05:02 Scout Tower
05:03 Scout Tower
05:17 Guard Tower
05:18 Scout Tower
05:21 Guard Tower
06:14 Guard Tower
06:15 Scout Tower
06:16 Scout Tower
06:18 Scout Tower
06:20 Scout Tower
06:47 Scout Tower
06:48 Scout Tower
06:49 Guard Tower
07:12 Guard Tower
07:14 Scout Tower
07:15 Scout Tower
07:18 Guard Tower
07:20 Scout Tower
07:21 Scout Tower
07:25 Scout Tower
07:26 Guard Tower
07:44 Keep
07:46 Scout Tower
07:47 Scout Tower
07:47 Scout Tower
07:51 Scout Tower
07:53 Scout Tower
07:54 Scout Tower
07:54 Scout Tower
07:58 Guard Tower
07:59 Arcane Vault
08:02 Scout Tower
08:04 Scout Tower
08:04 Scout Tower
08:07 Guard Tower
08:09 Scout Tower
08:20 Scout Tower
08:22 Guard Tower
08:34 Scout Tower
08:34 Scout Tower
08:39 Scout Tower
08:39 Scout Tower
08:41 Guard Tower
08:50 Guard Tower
08:54 Scout Tower
08:56 Scout Tower
08:57 Scout Tower
09:02 Guard Tower
09:09 Guard Tower
09:12 Scout Tower
09:28 Guard Tower
09:31 Scout Tower
09:32 Scout Tower
09:36 Guard Tower
09:39 Scout Tower
09:39 Scout Tower
09:40 Scout Tower
09:45 Guard Tower
09:46 Scout Tower
09:47 Scout Tower
09:56 Arcane Tower
09:57 Guard Tower
10:00 Guard Tower
10:25 Guard Tower
10:27 Scout Tower
10:28 Scout Tower
10:33 Guard Tower
10:34 Scout Tower
10:45 Guard Tower
10:46 Scout Tower
11:04 Guard Tower
11:11 Arcane Sanctum
11:12 Arcane Sanctum
11:25 Guard Tower
11:31 Scout Tower
11:38 Lumber Mill
11:40 Guard Tower
11:47 Scout Tower
11:48 Scout Tower
11:54 Scout Tower
11:56 Scout Tower
12:03 Guard Tower
12:05 Scout Tower
12:56 Guard Tower
13:01 Scout Tower
13:03 Scout Tower
13:06 Scout Tower
13:15 Guard Tower
13:20 Castle
13:44 Guard Tower
13:46 Scout Tower
14:20 Guard Tower
14:21 Scout Tower
14:23 Scout Tower
14:45 Scout Tower
14:50 Farm
14:51 Farm
14:52 Farm
14:53 Farm
15:19 Guard Tower
15:21 Scout Tower
15:41 Arcane Tower
15:44 Scout Tower
15:50 Guard Tower
15:56 Farm
16:08 Lumber Mill
16:16 Guard Tower
17:24 Farm
18:03 Scout Tower
18:04 Scout Tower
18:05 Scout Tower
18:05 Scout Tower
18:19 Scout Tower
18:51 Guard Tower
20:04 Guard Tower
20:22 Scout Tower
20:26 Scout Tower
21:02 Guard Tower
21:27 Arcane Vault
23:05 Scout Tower
23:06 Scout Tower
24:11 Scout Tower
24:13 Scout Tower
25:21 Guard Tower
25:44 Guard Tower
27:28 Farm
27:29 Farm
27:30 Farm
27:31 Farm
27:32 Farm
27:34 Farm
27:35 Farm
27:44 Farm
27:46 Farm
27:49 Farm
27:50 Farm
27:52 Farm
28:00 Blacksmith
28:11 Barracks
29:09 Gryphon Aviary
29:10 Gryphon Aviary
49:38 Arcane Vault
56:33 Scout Tower
56:33 Scout Tower
57:12 Guard Tower
57:17 Scout Tower
57:18 Scout Tower
57:19 Scout Tower
57:19 Scout Tower
58:21 Guard Tower
58:28 Scout Tower
58:28 Scout Tower
58:30 Scout Tower
58:31 Scout Tower
58:32 Scout Tower
58:32 Scout Tower
58:59 Guard Tower
59:03 Scout Tower
59:04 Scout Tower
59:07 Scout Tower
59:07 Scout Tower
59:09 Scout Tower
59:43 Guard Tower
60:12 Guard Tower
60:23 Guard Tower
60:50 Guard Tower
62:24 Guard Tower
62:40 Lumber Mill
82:36 Altar of Kings
83:50 Lumber Mill
» items
| Dust of Appearance | 1 | |
| Boots of Speed | 2 | |
| Staff of Teleportation | 2 | |
| Orb of Lightning | 2 | |
| Staff of Sanctuary | 2 | |
| Scroll of Regeneration | 1 | |
| Potion of Healing | 1 | |
11 total
TowerPowerNerf (
orange | 59 APM | 5307 actions | 89:43)
9 Blademaster
3 Wind Walk
3 Critical Strike
1 Bladestorm
2 Mirror Image
» actions
| Assign group hotkey | 585 | |
| Basic commands | 14 | |
| Build / train | 101 | |
| ESC pressed | 1 | |
| Enter build submenu | 50 | |
| Enter hero's abilities submenu | 10 | |
| Give item / drop item | 17 | |
| Right click | 2560 | |
| Select / deselect | 367 | |
| Select group hotkey | 1236 | |
| Use ability | 365 | |
5307 total
» units
» upgrades
| Liquid Fire | 1 | |
| Reinforced Defenses | 1 | |
2 total
» buildings
| Altar of Storms | 1 | |
| Orc Burrow | 7 | |
| War Mill | 2 | |
| Voodoo Lounge | 2 | |
| Watch Tower | 32 | |
| Stronghold | 1 | |
| Great Hall | 1 | |
| Beastiary | 2 | |
| Fortress | 1 | |
49 total
» build order
00:02 Altar of Storms
00:06 Orc Burrow
00:55 War Mill
01:05 Voodoo Lounge
02:42 Watch Tower
03:13 Watch Tower
03:50 Watch Tower
04:19 Watch Tower
04:22 Watch Tower
04:55 Watch Tower
06:10 Watch Tower
06:28 Watch Tower
06:29 Stronghold
06:54 Great Hall
07:12 Watch Tower
07:15 Watch Tower
07:23 Orc Burrow
07:55 Watch Tower
07:57 Watch Tower
08:34 Watch Tower
08:36 Watch Tower
09:29 Watch Tower
09:32 Watch Tower
10:46 Watch Tower
10:49 Watch Tower
12:09 Watch Tower
12:10 Watch Tower
12:11 Watch Tower
12:19 Watch Tower
12:21 Watch Tower
12:25 Watch Tower
12:29 Watch Tower
12:32 Watch Tower
12:34 Watch Tower
12:35 Watch Tower
12:36 Watch Tower
13:46 Beastiary
13:51 Beastiary
14:29 Watch Tower
14:31 Watch Tower
14:33 Watch Tower
14:48 Orc Burrow
14:50 Orc Burrow
14:51 Orc Burrow
18:21 War Mill
18:39 Voodoo Lounge
18:49 Orc Burrow
19:18 Orc Burrow
23:42 Fortress
» items
| Healing Salve | 9 | |
| Lesser Clarity Potion | 23 | |
| Scroll of Speed | 1 | |
| Orb of Lightning | 1 | |
| Potion of Healing | 2 | |
| Boots of Speed | 1 | |
| Scroll of Town Portal | 3 | |
| Scroll of Regeneration | 1 | |
| Staff of Teleportation | 1 | |
42 total
WhoMovedMyTower (
purple | 85 APM | 7611 actions | 89:44)
10 Blademaster
3 Wind Walk
3 Critical Strike
1 Bladestorm
3 Mirror Image
» actions
| Assign group hotkey | 616 | |
| Basic commands | 4 | |
| Build / train | 123 | |
| ESC pressed | 7 | |
| Enter build submenu | 70 | |
| Enter hero's abilities submenu | 10 | |
| Give item / drop item | 25 | |
| Remove unit from queue | 29 | |
| Right click | 4349 | |
| Select / deselect | 600 | |
| Select group hotkey | 950 | |
| Use ability | 824 | |
7611 total
» units
» upgrades
| Spiked Barricades | 2 | |
| Reinforced Defenses | 1 | |
| Liquid Fire | 1 | |
| Armor | 1 | |
5 total
» buildings
| Altar of Storms | 2 | |
| Orc Burrow | 6 | |
| War Mill | 1 | |
| Watch Tower | 48 | |
| Voodoo Lounge | 1 | |
| Stronghold | 2 | |
| Great Hall | 3 | |
| Fortress | 2 | |
| Beastiary | 2 | |
67 total
» build order
00:08 Altar of Storms
00:11 Orc Burrow
00:42 War Mill
02:02 Watch Tower
02:06 Watch Tower
02:29 Orc Burrow
03:05 Watch Tower
03:06 Watch Tower
03:17 Watch Tower
03:23 Voodoo Lounge
03:36 Watch Tower
04:31 Stronghold
04:31 Stronghold
04:34 Watch Tower
04:40 Watch Tower
05:12 Watch Tower
05:12 Watch Tower
05:37 Watch Tower
05:48 Watch Tower
05:56 Watch Tower
06:48 Great Hall
06:51 Watch Tower
06:52 Watch Tower
07:06 Great Hall
07:16 Watch Tower
07:18 Watch Tower
07:26 Watch Tower
07:27 Watch Tower
07:35 Watch Tower
08:02 Watch Tower
08:13 Watch Tower
08:22 Watch Tower
08:24 Watch Tower
08:26 Watch Tower
08:50 Watch Tower
09:25 Fortress
09:26 Fortress
09:31 Watch Tower
09:32 Watch Tower
09:33 Watch Tower
10:05 Watch Tower
10:16 Watch Tower
10:17 Watch Tower
10:36 Beastiary
10:39 Orc Burrow
11:18 Beastiary
12:31 Watch Tower
12:32 Watch Tower
12:34 Watch Tower
12:34 Watch Tower
13:01 Watch Tower
13:45 Watch Tower
13:47 Watch Tower
15:07 Watch Tower
15:08 Watch Tower
15:09 Watch Tower
19:26 Orc Burrow
19:28 Orc Burrow
19:29 Orc Burrow
23:22 Great Hall
30:05 Watch Tower
30:06 Watch Tower
33:38 Watch Tower
33:39 Watch Tower
33:40 Watch Tower
33:41 Watch Tower
40:09 Altar of Storms
» items
| Healing Salve | 5 | |
| Lesser Clarity Potion | 4 | |
| Potion of Healing | 4 | |
| Orb of Lightning | 1 | |
| Scroll of Town Portal | 3 | |
| Staff of Teleportation | 1 | |
| Potion of Mana | 1 | |
| Potion of Lesser Invulnerability | 3 | |
| Tiny Great Hall | 1 | |
23 total
Chat log
(00:33 / Allies) DrGoodmanners: tabbed out at wrong time really
(01:05 / Allies) DrGoodmanners: timg tower much
(01:09 / Allies) DrGoodmanners: send many workers
(01:10 / Allies) nutsonyochin.de: yeah
(01:11 / Allies) DrGoodmanners: to many places
(01:11 / All) Patrice-LOKO: plz leave
(01:14 / All) Patrice-LOKO: u lose u r time
(01:38 / All) Patrice-LOKO: because we are pgm
(01:44 / Allies) DrGoodmanners: what is pgm ?
(01:46 / All) WhoMovedMyTower: pgm = pro gaming masters?
(01:46 / All) nutsonyochin.de: pretty gay men???
(01:47 / All) Arthur-boka: expect thordrik
(01:48 / All) TowerPowerNerf: LOL
(01:56 / All) Patrice-LOKO: we are lvl 49
(01:58 / All) thordrik: F U all
(02:01 / Allies) nutsonyochin.de: lum
(02:03 / Allies) DrGoodmanners: if they are pro gaming masters we are f*****cked
(02:05 / All) TowerPowerNerf: noobs
(02:15 / All) Bernard-Mendy: eh O, jsuis Bernard
(02:17 / All) Patrice-LOKO: ne parle pas com sa a aptrice lok
(02:19 / All) Patrice-LOKO: loko
(02:26 / Allies) DrGoodmanners: i hope i get bandy...
(02:53 / Allies) DrGoodmanners: gholbine this is gay
(03:21 / All) Patrice-LOKO: i already sai
(03:28 / Allies) nutsonyochin.de: fuckin noob rube
(03:41 / Allies) WhoMovedMyTower: well that was gay
(03:45 / Allies) DrGoodmanners: i hope someone moved your tower
(03:51 / Allies) DrGoodmanners: cuz that's the only excuse for such noob placement
(04:09 / Allies) WhoMovedMyTower: i never play this map
(04:11 / Allies) WhoMovedMyTower: for it is a noob map
(04:52 / Allies) DrGoodmanners: ez-access
(04:55 / Allies) DrGoodmanners: to noobs bases
(05:10 / Allies) DrGoodmanners: hmmmm
(05:21 / Allies) DrGoodmanners: kill some ogrs
(06:09 / All) nutsonyochin.de: lmao
(06:43 / Allies) DrGoodmanners: oh a fake.
(06:54 / Allies) DrGoodmanners: worst placement?
(06:55 / Allies) DrGoodmanners: yes.
(06:59 / Allies) DrGoodmanners: hoody hoo
(07:01 / Allies) DrGoodmanners: holy shit
(07:03 / Allies) DrGoodmanners: saving replay
(07:31 / Allies) nutsonyochin.de: sources
(08:15 / Allies) DrGoodmanners: mad dust on that kotg
(08:18 / Allies) DrGoodmanners: a dust collection
(09:03 / Allies) nutsonyochin.de: lum
(09:08 / Allies) DrGoodmanners: nice
(09:17 / Allies) WhoMovedMyTower: lum
(09:27 / Allies) WhoMovedMyTower: ty
(09:49 / Allies) nutsonyochin.de: gettin priests
(09:54 / Allies) DrGoodmanners: get invis too
(09:59 / Allies) WhoMovedMyTower: we need batzorz
(10:05 / Allies) nutsonyochin.de: get some lum more like
(10:22 / Allies) WhoMovedMyTower: lum for bathouses?
(10:41 / Allies) nutsonyochin.de: Sources for Sanctums
(10:49 / Allies) DrGoodmanners: yo tpn i saw your video where you played 2 matches at once
(10:55 / Allies) nutsonyochin.de: sources plz
(10:56 / Allies) DrGoodmanners: i didnt have any sound but i thi nk i got the gist
(11:00 / Allies) DrGoodmanners: it was good
(11:01 / Allies) nutsonyochin.de: it was hilarious
(11:03 / Allies) TowerPowerNerf: ^_^
(11:08 / Allies) TowerPowerNerf: ty
(11:09 / Allies) WhoMovedMyTower: sources for bats or we lose
(11:12 / Allies) DrGoodmanners: i'm going to do it with 3 though
(11:22 / Allies) TowerPowerNerf: to sad i dont got 3 computers to try with
(11:23 / Allies) TowerPowerNerf: :(
(11:25 / Allies) DrGoodmanners: and backstab rt faster than anyone in bnet history
(11:34 / Allies) TowerPowerNerf: its a hard deal
(11:39 / Allies) DrGoodmanners: word
(11:42 / Allies) TowerPowerNerf: i got tired after 1 game
(11:44 / Allies) DrGoodmanners: are we going to climb this game
(11:44 / Allies) TowerPowerNerf: or i mean 2
(11:52 / Allies) nutsonyochin.de: yes we climb
(11:58 / Allies) WhoMovedMyTower: lum for forty ups and bats
(11:59 / Allies) WhoMovedMyTower: come on n n n n
(11:59 / Allies) DrGoodmanners: man did i get a shitty hero in that case
(12:18 / Allies) nutsonyochin.de: need some re
(12:31 / Allies) DrGoodmanners: i was going to get mass mountain giants and invisisurround enemy army
(12:39 / Allies) DrGoodmanners: but i guess if mountaineer then no money for nonsense like dat
(12:58 / Allies) nutsonyochin.de: lmu
(12:59 / Allies) nutsonyochin.de: lum
(13:23 / Allies) nutsonyochin.de: gold too plx
(13:36 / Allies) DrGoodmanners: get an expansion or something lorde noobe
(13:51 / Allies) nutsonyochin.de: nah
(14:24 / Allies) WhoMovedMyTower: got the cball
(14:27 / Allies) nutsonyochin.de: let them have 2 expo
(14:31 / Allies) nutsonyochin.de: or they cant siege our perch
(14:34 / Allies) DrGoodmanners: wiggity word (up)
(14:39 / Allies) WhoMovedMyTower: we all need aa
(14:40 / Allies) DrGoodmanners: hmmm
(14:41 / Allies) WhoMovedMyTower: serious
(14:49 / Allies) DrGoodmanners: fine will get some bird
(15:19 / Allies) DrGoodmanners: ogre mauler gg
(15:45 / Allies) WhoMovedMyTower: fuck
(15:48 / Allies) WhoMovedMyTower: batted illusions like a noob
(15:54 / Allies) DrGoodmanners: played
(16:00 / Allies) nutsonyochin.de: you are what you bat...... a noob
(16:02 / Allies) WhoMovedMyTower: these guys are truly pgm
(16:04 / Allies) DrGoodmanners: yo blades
(16:09 / Allies) DrGoodmanners: i got an agil surprise
(16:10 / Allies) DrGoodmanners: for yall
(16:26 / Allies) nutsonyochin.de: soruce me
(16:56 / Allies) nutsonyochin.de: these guys huge noobs
(17:04 / Allies) DrGoodmanners: it's northrend
(17:45 / Allies) DrGoodmanners: yo blades
(17:47 / Allies) DrGoodmanners: agil+2
(17:54 / Allies) DrGoodmanners: did someone take the agil to the east
(17:55 / Allies) nutsonyochin.de: make towers
(17:56 / Allies) WhoMovedMyTower: got it
(17:58 / Allies) nutsonyochin.de: so they cant go through trees
(18:15 / Allies) DrGoodmanners: upgrade masonry pleaze
(18:53 / Allies) DrGoodmanners: dont worry... i upgraded ancients blessing
(19:02 / Allies) DrGoodmanners: my treants are pro now
(19:32 / Allies) DrGoodmanners: invis your bats
(19:35 / Allies) DrGoodmanners: and own up some noobs
(20:11 / Allies) nutsonyochin.de: bats pelase./
(20:34 / Allies) DrGoodmanners: int mantle
(20:41 / Allies) DrGoodmanners: this map has a lot of scrubby items
(20:50 / Allies) DrGoodmanners: ok i'm going to deforest the map now..
(20:54 / Allies) DrGoodmanners: lets beat it
(20:57 / Allies) nutsonyochin.de: ok
(21:34 / Allies) DrGoodmanners: on second thought i want int items for myself
(21:37 / Allies) DrGoodmanners: so i can make many treant
(21:42 / Allies) nutsonyochin.de: i got 2 mants
(21:46 / Allies) DrGoodmanners: hook a nigg
(21:49 / Allies) DrGoodmanners: i'm at mid
(21:50 / Allies) DrGoodmanners: making treant army
(22:00 / Allies) nutsonyochin.de: drop claws and aura
(22:02 / Allies) nutsonyochin.de: i got that aura
(22:35 / Allies) DrGoodmanners: tree vs tree
(23:16 / Allies) DrGoodmanners: sorry about your base
(23:29 / Allies) WhoMovedMyTower: eh who cares
(23:35 / Allies) nutsonyochin.de: me
(23:38 / Allies) nutsonyochin.de: get tier 3 tpn please
(23:48 / Allies) nutsonyochin.de: claws for balde
(23:54 / Allies) WhoMovedMyTower: shotgun
(24:02 / Allies) nutsonyochin.de: owend
(24:29 / Allies) WhoMovedMyTower: hey what
(25:24 / Allies) WhoMovedMyTower: big owning for lil nubs
(25:55 / Allies) nutsonyochin.de: start going up imo
(26:06 / Allies) DrGoodmanners: ding 6 ok
(26:08 / Allies) WhoMovedMyTower: OH MY GOD
(26:11 / Allies) WhoMovedMyTower: he clumped them all up for me
(26:18 / Allies) WhoMovedMyTower: i must have gotten 8 or 9 hcims
(27:18 / Allies) WhoMovedMyTower: wow not an image?
(27:19 / Allies) nutsonyochin.de: want any hawks for the top
(27:19 / Allies) WhoMovedMyTower: holy shit
(27:23 / All) Arthur-boka: c koi votre but?
(27:25 / Allies) nutsonyochin.de: i guess i should
(27:30 / Allies) DrGoodmanners: some for chim
(27:32 / Allies) DrGoodmanners: to scare em off
(28:17 / Allies) DrGoodmanners: which mountain
(28:19 / Allies) WhoMovedMyTower: no tp?
(28:20 / All) thordrik: lol
(28:22 / Allies) TowerPowerNerf: carrion...
(28:24 / Allies) WhoMovedMyTower: i c
(28:50 / Allies) nutsonyochin.de: get faerie fire noob
(28:57 / Allies) WhoMovedMyTower: where your hawk at?
(29:03 / Allies) nutsonyochin.de: oh right
(29:06 / Allies) nutsonyochin.de: forgot to make avs
(29:16 / Allies) nutsonyochin.de: sources
(29:17 / Allies) WhoMovedMyTower: sigh ll
(29:21 / Allies) nutsonyochin.de: gimme gold blinn
(29:40 / Allies) nutsonyochin.de: just getting 12 hawkl
(29:44 / Allies) nutsonyochin.de: too lazy for huge army
(29:59 / Allies) WhoMovedMyTower: force of nature kind of a sweet spell
(30:04 / Allies) DrGoodmanners: yeah
(30:20 / Allies) nutsonyochin.de: fuck europe lag
(30:22 / Allies) nutsonyochin.de: i staff
(30:45 / Allies) nutsonyochin.de: 1000 gold blinn
(30:50 / Allies) nutsonyochin.de: actually more
(30:54 / Allies) nutsonyochin.de: a lot more i gotta tower too
(31:02 / Allies) nutsonyochin.de: or tpn whoever
(31:13 / Allies) WhoMovedMyTower: that enough?
(31:15 / Allies) nutsonyochin.de: ty
(31:28 / Allies) WhoMovedMyTower: i got loads and my expo aint done so if it isn't
(31:31 / Allies) WhoMovedMyTower: tell me before you go into upk
(31:39 / Allies) nutsonyochin.de: im in upk now but i should be good
(31:44 / Allies) nutsonyochin.de: 3500 enough to tower
(31:59 / Allies) nutsonyochin.de: if not you guys just uby my ivories
(32:01 / Allies) nutsonyochin.de: cut the cost you know
(32:13 / All) WhoMovedMyTower: were ur siege go? LOL
(32:26 / All) nutsonyochin.de: hahahaha muahahaha level 49 Dick Sucking Skills DSS
(32:39 / Allies) DrGoodmanners: help me out by cutting as many trees as possible
(32:43 / Allies) nutsonyochin.de: i yam
(32:56 / Allies) nutsonyochin.de: im cutting mad treez
(33:04 / Allies) DrGoodmanners: not as many as gholbine i bet
(33:05 / Allies) nutsonyochin.de: 2 agi
(33:24 / Allies) DrGoodmanners: why cant i cast force of nature on ne biuldings
(33:55 / Allies) DrGoodmanners: if you cast fon on a tree with a wisp on it
(34:03 / Allies) DrGoodmanners: the treant should be stronger
(34:17 / Allies) nutsonyochin.de: suck fuck shit
(34:20 / Allies) nutsonyochin.de: oh ok right
(34:23 / Allies) nutsonyochin.de: you got gholbine
(34:25 / Allies) nutsonyochin.de: for this
(34:28 / Allies) DrGoodmanners: yea
(34:29 / Allies) nutsonyochin.de: i was about to make bloodm
(34:32 / Allies) DrGoodmanners: he love to clear tree
(34:42 / Allies) nutsonyochin.de: bloodm not too bad of a tree clearer either you know
(34:46 / Allies) WhoMovedMyTower: they keep building ne towers
(34:47 / Allies) WhoMovedMyTower: this is nuts
(35:09 / Allies) TowerPowerNerf: kaboom @ goldmine
(35:39 / Allies) WhoMovedMyTower: damn slow bats
(35:49 / Allies) WhoMovedMyTower: if you can get those chim to trail you again
(35:49 / Allies) nutsonyochin.de: lil goo is helping out
(35:50 / Allies) WhoMovedMyTower: would be ownage
(36:08 / Allies) DrGoodmanners: someone buy me a tiny
(36:17 / Allies) WhoMovedMyTower: ping urself
(36:25 / Allies) DrGoodmanners: always movin about
(36:27 / Allies) nutsonyochin.de: fuckin idle worker retard shit dick
(36:31 / Allies) WhoMovedMyTower: uhm
(36:33 / Allies) WhoMovedMyTower: for like 15 seconds
(36:36 / Allies) nutsonyochin.de: clkear some tree
(36:39 / Allies) WhoMovedMyTower: i was waiting for mata
(36:43 / Allies) WhoMovedMyTower: to ping himself so i could buy tiny
(36:48 / Allies) DrGoodmanners: u will find me where the trees are thickest
(36:48 / Allies) WhoMovedMyTower: & he didn't do it so i just kept waiting
(36:50 / Allies) nutsonyochin.de: this is sweet
(36:50 / Allies) WhoMovedMyTower: and then tim exploded
(36:53 / Allies) nutsonyochin.de: yo
(36:55 / Allies) DrGoodmanners: yeah tha tis
(36:56 / Allies) nutsonyochin.de: can you farm hide here
(36:57 / Allies) nutsonyochin.de: with worker
(37:01 / Allies) nutsonyochin.de: i think you can
(37:08 / Allies) nutsonyochin.de: never knew about that
(38:28 / Allies) DrGoodmanners: this is hard without shredders
(38:51 / Allies) DrGoodmanners: did you buy a tiny?
(38:58 / Allies) WhoMovedMyTower: you didn't ping yourself you fucken faggot
(39:12 / Allies) WhoMovedMyTower: are you standing next to a t3 orc shop
(39:14 / Allies) WhoMovedMyTower: hmm lemme see
(39:22 / Allies) DrGoodmanners: ping one
(39:27 / Allies) nutsonyochin.de: gholbine should focus on the trees we cant reach first i think
(39:48 / Allies) DrGoodmanners: he has been operating close to moonwells
(39:59 / Allies) WhoMovedMyTower: thanks
(40:02 / Allies) WhoMovedMyTower: for using all the moonjuice
(40:05 / Allies) nutsonyochin.de: PNWED
(40:13 / Allies) WhoMovedMyTower: got killed by a fucking SS tick
(41:01 / Allies) nutsonyochin.de: got mass tp excellent
(41:05 / Allies) DrGoodmanners: noice
(41:05 / Allies) nutsonyochin.de: anybody need a tp
(41:10 / Allies) nutsonyochin.de: i might sell mine
(41:17 / Allies) WhoMovedMyTower: brb getting a drink
(41:17 / Allies) DrGoodmanners: gonna undermine this ne's forest
(41:30 / Allies) nutsonyochin.de: these gonna be hardest i think
(41:35 / Allies) nutsonyochin.de: you can probably staff on ledge
(41:37 / Allies) nutsonyochin.de: and do it from there
(41:41 / Allies) WhoMovedMyTower: so back off ur rules & back off ur jive cos i'm sick of not living 2 stay alive
(41:44 / Allies) DrGoodmanners: invis pots should all faile
(42:13 / Allies) nutsonyochin.de: wahoo here we go
(42:25 / Allies) DrGoodmanners: i trust u have level 3 lumber
(42:28 / Allies) WhoMovedMyTower: do treants give xp?
(42:30 / Allies) nutsonyochin.de: ofc
(42:33 / Allies) nutsonyochin.de: yes
(42:33 / Allies) DrGoodmanners: yeah
(42:38 / Allies) DrGoodmanners: basically mad levelling them
(42:39 / Allies) DrGoodmanners: but
(42:40 / Allies) WhoMovedMyTower: LaMe
(42:42 / Allies) DrGoodmanners: gotta break few eggs
(42:46 / Allies) nutsonyochin.de: towers are killing most
(42:54 / Allies) nutsonyochin.de: infernal could be dangerous
(43:05 / Allies) DrGoodmanners: "fuck it"
(43:39 / Allies) nutsonyochin.de: this going well
(43:43 / Allies) nutsonyochin.de: already got 4 trees
(43:44 / Allies) nutsonyochin.de: working on 5
(44:01 / Allies) WhoMovedMyTower: yo ima leave vent and listen to music if that ok
(44:02 / Allies) WhoMovedMyTower: nobody talkin
(44:06 / Allies) nutsonyochin.de: sho
(44:15 / Allies) DrGoodmanners: all askin permission and shit
(44:38 / Allies) WhoMovedMyTower: tim can be a bitch let's face it LOL
(44:42 / Allies) nutsonyochin.de: fycjk
(45:15 / Allies) nutsonyochin.de: awoot
(45:28 / Allies) WhoMovedMyTower: way to level them
(45:30 / Allies) WhoMovedMyTower: FUCK
(45:35 / Allies) WhoMovedMyTower: killed by a tick again
(45:46 / Allies) nutsonyochin.de: noobada
(45:53 / Allies) WhoMovedMyTower: well i got coiled
(45:58 / Allies) WhoMovedMyTower: and SSed and shit
(46:24 / Allies) WhoMovedMyTower: haha
(46:25 / Allies) WhoMovedMyTower: owned
(46:36 / Allies) TowerPowerNerf: indeed :D
(46:39 / Allies) WhoMovedMyTower: so should i keep building towers or bats or save money?
(46:41 / Allies) nutsonyochin.de: our paths converge......
(46:47 / Allies) nutsonyochin.de: save u knave
(47:21 / Allies) WhoMovedMyTower: o dear mata
(47:34 / Allies) nutsonyochin.de: ufck
(47:35 / Allies) nutsonyochin.de: how he see
(48:09 / Allies) DrGoodmanners: wth.
(48:09 / Allies) nutsonyochin.de: pwnage
(48:11 / Allies) DrGoodmanners: didnt work like i wanted it to
(48:31 / Allies) WhoMovedMyTower: lame chain disables
(48:45 / Allies) WhoMovedMyTower: mass imbalance mass nightelf
(49:07 / Allies) DrGoodmanners: timg
(49:11 / Allies) DrGoodmanners: mass tele up a shop please
(49:12 / Allies) nutsonyochin.de: talk about long distance blizzard
(49:31 / Allies) DrGoodmanners: argh how they see...
(49:35 / Allies) WhoMovedMyTower: tpn
(49:37 / Allies) WhoMovedMyTower: let's pop this bitch
(49:49 / Allies) DrGoodmanners: owned?
(49:52 / Allies) nutsonyochin.de: thanx
(49:55 / All) Bernard-Mendy: gg
(50:01 / All) nutsonyochin.de: gg ium out of gold....
(50:12 / All) nutsonyochin.de: Retard blue, tell me to come to him
(50:14 / Allies) DrGoodmanners: man fuck deforesting this map
(50:17 / Allies) DrGoodmanners: too many fucking
(50:18 / Allies) DrGoodmanners: trees
(50:26 / Allies) nutsonyochin.de: we took a good chunk out tho
(50:32 / Allies) DrGoodmanners: yeah but
(50:33 / Allies) DrGoodmanners: damn
(50:39 / Allies) nutsonyochin.de: really you just gotta worry about mountains and elf base
(50:41 / Allies) DrGoodmanners: its like
(50:41 / Allies) WhoMovedMyTower: tpn and i did some hero ownage downstairs
(50:42 / Allies) nutsonyochin.de: the rest will be done easy
(50:43 / Allies) DrGoodmanners: what he heck is this
(50:50 / Allies) nutsonyochin.de: thgats ownage really
(50:56 / Allies) nutsonyochin.de: nah just staff dott
(50:59 / Allies) nutsonyochin.de: in the shallow water
(51:01 / Allies) DrGoodmanners: i guess
(51:03 / Allies) DrGoodmanners: still
(51:04 / Allies) DrGoodmanners: fuck it
(51:14 / Allies) DrGoodmanners: also those fags
(51:16 / Allies) DrGoodmanners: but also doable
(51:17 / Allies) WhoMovedMyTower: mata put up more moonwells please
(51:23 / Allies) DrGoodmanners: no, please
(51:26 / Allies) DrGoodmanners: thanks please
(51:32 / Allies) WhoMovedMyTower: 1 bfb
(51:34 / Allies) WhoMovedMyTower: big fat bitch
(52:47 / Allies) DrGoodmanners: buy me a faggot tth
(53:24 / Allies) WhoMovedMyTower: all expos are out right?
(53:34 / Allies) WhoMovedMyTower: guesse notte
(54:17 / Allies) TowerPowerNerf: fuck it
(54:19 / Allies) WhoMovedMyTower: awhoops
(54:45 / Allies) nutsonyochin.de: clear some trees boyyyyyy
(55:13 / Allies) WhoMovedMyTower: need some help in my base
(55:17 / Allies) DrGoodmanners: let it go
(55:42 / Allies) DrGoodmanners: tim mass tp up
(55:42 / Allies) DrGoodmanners: there
(55:49 / Allies) DrGoodmanners: and make tower
(56:03 / Allies) nutsonyochin.de: a unit could not be teleported
(56:09 / Allies) DrGoodmanners: i'll bring some ivories?
(56:11 / Allies) DrGoodmanners: cuz
(56:14 / Allies) DrGoodmanners: dont think we ever towered that summit
(56:15 / Allies) nutsonyochin.de: yes
(56:21 / Allies) DrGoodmanners: dont leave
(56:25 / Allies) nutsonyochin.de: aint leafin
(57:08 / Allies) nutsonyochin.de: clear some trees
(57:09 / Allies) nutsonyochin.de: hile you wiat
(57:17 / Allies) DrGoodmanners: i've given up on that
(57:19 / Allies) DrGoodmanners: the dream is gone
(57:28 / Allies) nutsonyochin.de: dont be a bitcvh.........
(58:08 / Allies) DrGoodmanners: gonna have to wait until i leaf
(58:11 / Allies) DrGoodmanners: prolley
(58:16 / Allies) DrGoodmanners: prollytrolly
(58:31 / Allies) WhoMovedMyTower: sleep sort of annoying
(58:36 / Allies) DrGoodmanners: kill shades
(58:40 / Allies) WhoMovedMyTower: dk
(58:43 / Allies) DrGoodmanners: oh dust ?
(59:01 / Allies) WhoMovedMyTower: so they just killed like 30 food of peons and got away no p
(59:07 / Allies) DrGoodmanners: FUCK
(59:10 / Allies) DrGoodmanners: PEONS
(59:15 / Allies) WhoMovedMyTower: that a lot of xp
(59:16 / Allies) WhoMovedMyTower: but o well
(59:18 / Allies) DrGoodmanners: why the #%#¤%#¤% didnt u say anything
(59:20 / Allies) DrGoodmanners: this is g
(59:28 / Allies) nutsonyochin.de: staff away troll
(59:33 / Allies) DrGoodmanners: i yam what i yam
(59:39 / Allies) nutsonyochin.de: owned
(59:42 / Allies) DrGoodmanners: horse hut
(59:53 / Allies) nutsonyochin.de: his head stickin out a window
(60:17 / Allies) TowerPowerNerf: ...
(60:21 / Allies) TowerPowerNerf: dont they have ANY units?
(60:47 / Allies) DrGoodmanners: word
(60:53 / Allies) WhoMovedMyTower: come tpn let's kill stuff
(60:55 / Allies) WhoMovedMyTower: i'll storm u chop
(61:13 / Allies) DrGoodmanners: yo
(61:17 / Allies) DrGoodmanners: i gotta bounce a little
(61:47 / Allies) DrGoodmanners: feel free to end or w/e
(61:49 / Allies) DrGoodmanners: should i leave
(61:59 / Allies) nutsonyochin.de: if you want idk idc
(62:29 / Allies) WhoMovedMyTower: so we not going up anymore?
(62:30 / Allies) WhoMovedMyTower: lame
(62:38 / Allies) nutsonyochin.de: retard noob shit
(62:42 / Allies) WhoMovedMyTower: well we are up
(62:46 / Allies) WhoMovedMyTower: but are we going up as a game plan
(62:57 / Allies) nutsonyochin.de: idk these guys aint doin shit
(63:10 / Allies) nutsonyochin.de: wanna end it
(63:13 / Allies) WhoMovedMyTower: ya
(63:35 / Allies) WhoMovedMyTower: not sure how we gonna
(63:39 / Allies) WhoMovedMyTower: bear dryad uncounterable .. .
(63:45 / Allies) WhoMovedMyTower: and now they have insane levels cos mata
(64:18 / Allies) nutsonyochin.de: opuit
(65:11 / Allies) WhoMovedMyTower: they cant have much money they must have been in high most of the game
(66:38 / Allies) nutsonyochin.de: they gonna try to end it
(66:52 / Allies) nutsonyochin.de: yeah
(68:46 / Allies) WhoMovedMyTower: retard noob shit
(69:03 / Allies) nutsonyochin.de: who u LOL
(71:25 / Allies) WhoMovedMyTower: get out? LOL
(71:43 / Allies) WhoMovedMyTower: pride comes b4 a fall . ..
(73:53 / All) nutsonyochin.de: u guys win....... NOT!!!
(73:57 / All) WhoMovedMyTower: LOLOLOl
(75:42 / Allies) WhoMovedMyTower: owned that noobshit potm
(77:16 / Allies) TowerPowerNerf: can u guys control for me for a second?
(77:19 / Allies) TowerPowerNerf: gotta eat
(77:27 / Allies) TowerPowerNerf: ill make it quick
(77:28 / Allies) WhoMovedMyTower: get outta ther
(77:48 / All) Bernard-Mendy: PUT1 PLISE 300, histoire d ejouer encor un peu
(77:57 / All) nutsonyochin.de: french scum shit
(78:06 / All) TowerPowerNerf: S_T_F_U
(78:08 / All) Arthur-boka: you are relou
(78:28 / All) WhoMovedMyTower: we captured ur shit country in ww2 and we can do it again...
(78:39 / All) Bernard-Mendy: mdr
(78:41 / All) Bernard-Mendy: so do it
(78:44 / All) Arthur-boka: but we win the war =)
(78:44 / All) Bernard-Mendy: face de cul
(79:07 / All) TowerPowerNerf: didnt i tell you to S_T_F_U?
(79:09 / Allies) nutsonyochin.de: a woops
(79:16 / All) Arthur-boka: MAIS FERME TA GUEULE
(80:16 / Allies) nutsonyochin.de: come
(81:03 / Allies) WhoMovedMyTower: no entangle seriously
(81:54 / Allies) WhoMovedMyTower: wowww
(81:57 / Allies) WhoMovedMyTower: use tpn's bladem?
(83:38 / Allies) WhoMovedMyTower: damn
(83:41 / Allies) WhoMovedMyTower: talk about OwNeD
(84:06 / Allies) WhoMovedMyTower: they just heal here at moonwell center
(84:11 / Allies) nutsonyochin.de: lez
(84:12 / Allies) nutsonyochin.de: go
(85:29 / Allies) WhoMovedMyTower: you should get invul pots on your 200hp heroes
(85:36 / Allies) nutsonyochin.de: tyeah probably
(86:21 / Allies) WhoMovedMyTower: D
(86:22 / All) nutsonyochin.de: HAHAHAHAHAHAHAHAHAHA MUAHAHAHAHAHAHAHA AHAHAHA
(87:10 / All) WhoMovedMyTower: GG NOOB
(87:16 / All) nutsonyochin.de: GG EUTROTRASH
(87:17 / All) WhoMovedMyTower: EZ WIN
(87:23 / All) WhoMovedMyTower: FRANCE SUCKS SURRENDER MORE
(87:30 / All) nutsonyochin.de: no fraNCE NO YURI NO SNAKING
(87:45 / All) WhoMovedMyTower: NO RUSH 15 MINS NO ITEMS FOX ONLY FINAL DESTINATION
(88:08 / All) nutsonyochin.de: LEAVE AND PWNED!!!!!!!!!!!!!!!!!!!!1
(88:12 / All) WhoMovedMyTower: U MAY LEAF...
(88:25 / Allies) nutsonyochin.de: unsum
(89:03 / All) nutsonyochin.de: HAHAHAHAHAHAH I WIN I WIN IWIN
(89:07 / All) WhoMovedMyTower: HAHAHAHAHA
(89:27 / All) nutsonyochin.de: EVERYBODY LOVES ME IM THE BEST
(89:33 / Allies) WhoMovedMyTower: haha stampede
(89:35 / Allies) WhoMovedMyTower: insult 2 injury